 Dungeon Crawl Stone Soup version 0.19-a0-1850-g63fd1ff (webtiles) character file.

172 Naow the Grave Robber (level 5, -5/35 HPs)
             Began as a Vampire Necromancer on Oct 10, 2016.
             Killed by divine providence
             ... invoked by an orc priest
              (13 damage)
             ... on level 3 of the Dungeon.
             The game lasted 00:10:31 (3655 turns).

Naow the Grave Robber (Vampire Necromancer)         Turns: 3655, Time: 00:10:31

Health: -5/35      AC:  3    Str:  7    XL:     5   Next: 27%
Magic:  8/8        EV: 13    Int: 19    God:
Gold:   114        SH:  0    Dex: 14    Spells: 2 memorised, 6 levels left

rFire  . . .     SeeInvis +     (no weapon)
rCold  . . .     Gourm    .     a - +0 robe
rNeg   + . .     Faith    .     (no shield)
rPois  .         Spirit   .     (no helmet)
rElec  .         Dismiss  .     k - +0 cloak
rCorr  .         Reflect  .     (no gloves)
MR     .....     Harm     .     (no boots)
Stlth  ++........               (no amulet)
                                (no ring)
                                (no ring)

@: no status effects
A: fangs 3, see invisible, unbreathing
a: Bat Form


You were on level 3 of the Dungeon.
You were not thirsty.

You visited 1 branch of the dungeon, and saw 3 of its levels.

You collected 114 gold pieces.

Inventory:

Armour
 a - a +0 robe (worn)
 k - a +0 cloak (worn)
Jewellery
 v - a +4 amulet of reflection {unknown}
Wands
 r - a wand of lightning (7/15)
Scrolls
 d - 2 scrolls of recharging {unknown}
 e - 4 scrolls of identify {unknown}
 f - 2 scrolls of remove curse {unknown}
 g - 3 scrolls of teleportation {unknown}
 j - 4 scrolls of enchant weapon {unknown}
 l - a scroll of random uselessness {unknown}
 m - a scroll of amnesia {unknown}
 n - a scroll of noise {unknown}
 p - 2 scrolls of fear {unknown}
 t - a scroll of magic mapping {unknown}
 u - a scroll of fog {unknown}
Potions
 c - 12 potions of blood
 h - 2 potions of heal wounds {unknown}
 i - a potion of curing {unknown}
 o - a potion of brilliance {unknown}
 q - a potion of degeneration {unknown}
 s - a potion of mutation {unknown}
 w - a potion of flight {unknown}
Books
 b - a book of Necromancy

   Spells                             Type                      Level
   a - Pain                           Necromancy                   1
   b - Animate Skeleton               Necromancy                   1
   c - Vampiric Draining              Necromancy                   3
   d - Regeneration                   Charms/Necromancy            3
   e - Animate Dead                   Necromancy                   4
   f - Control Undead                 Necromancy                   4


   Skills:
 - Level 2.5 Dodging
 - Level 3.2 Stealth
 - Level 2.3 Spellcasting
 + Level 6.8 Necromancy


You had 6 spell levels left.
You knew the following spells:

 Your Spells              Type           Power        Failure   Level  Hunger
a - Pain                  Necr           ####         1%          1    #......
b - Animate Skeleton      Necr           N/A          1%          1    #......


Dungeon Overview and Level Annotations

Branches:
Dungeon (3/15)

Altars:


Innate Abilities, Weirdness & Mutations

You have razor-sharp teeth.
You have supernaturally acute eyesight. (SInv)
You can survive without breathing.


Message History

Aim: an orc (almost dead, chance to defeat MR: 93%)
The orc writhes in agony!
You kill the orc!
You see here a tomahawk.
You see here an orc corpse.
You see here an orc corpse.
Drink blood from an orc corpse? (ye/n/q) This warm blood tastes delicious!
You feel somewhat less thirsty.
You continue drinking.
You are feeling thirsty.
You continue drinking.
You finish drinking.
You start resting.
You see here a tomahawk.
There is a stone staircase leading up here.
You start resting.
You hear the rapid rusting of a very distant drain.
The orc priest calls down the wrath of Beogh upon you.
Beogh smites you!
You die...

...........[#.#.#...#.#
#############.#.#.#.#.#
# #.#)#.#.#.# #
#[#o#.#.#.# #
#.#.#.#.#.#
#############.#.#.#.#.#
..............#.#.#รท#.#
#############.#(#.#.#.#
###.@<..#.#
#####################.#
...............<......#
#######################


You could see an orc priest.

Vanquished Creatures
  Terence (D:3)
  An adder (D:3)
  4 gnolls (D:2)
  An ooze (D:1)
  A worm (D:2)
  3 dart slugs
  3 leopard geckos
  3 orcs (D:3)
  A ball python (D:1)
  9 bats
  15 giant cockroaches
  6 goblins
  3 hobgoblins
  5 jackals
  10 kobolds
  10 rats
76 creatures vanquished.

Notes
Turn   | Place    | Note
-------+----------+-------------------------------------------
     0 | D:1      | Naow the Vampire Necromancer began the quest for the Orb.
     0 | D:1      | Reached XP level 1. HP: 13/13 MP: 3/3
   204 | D:1      | Reached XP level 2. HP: 11/19 MP: 1/5
   406 | D:1      | Reached skill level 5 in Necromancy
   701 | D:1      | Reached XP level 3. HP: 23/24 MP: 3/6
  1140 | D:2      | Learned a level 1 spell: Animate Skeleton
  1861 | D:2      | Reached XP level 4. HP: 11/30 MP: 2/7
  2448 | D:2      | Reached skill level 6 in Necromancy
  2975 | D:3      | Noticed Terence
  2982 | D:3      | Killed Terence
  3054 | D:3      | Reached XP level 5. HP: 30/35 MP: 1/8
  3655 | D:3      | Killed from afar by an orc priest

Vault maps used:
D:1:      lemuel_arrival_room
D:2:      minmay_roachtagon, first_bread
D:3:      lightli_sewer_entry_pipes, uniq_terence

Skill      XL: |  1  2  3  4 |
---------------+-------------+-----
Necromancy     | 5 6 |  6.8
Dodging        | |  2.5
Stealth        | |  3.2
Spellcasting   | |  2.3

Action                   |  1- 3 |  4- 6 || total
-------------------------+-------+-------++-------
Melee: Unarmed           |    31 |       ||    31
       Bite              |     3 |       ||     3
 Cast: Pain              |    76 |    67 ||   143
 Abil: End Transformatio |       |     1 ||     1
       Bat Form          |       |     1 ||     1
  Use: Potion            |       |     3 ||     3
  Eat: Corpse            |       |     1 ||     1
Armor: Robe              |    15 |     9 ||    24
Dodge: Dodged            |    46 |    27 ||    73
